 Dungeon Sprint DCSS version bcrawl-1.31 (webtiles) character file.

Game seed: 15562366766133356688

160291 Dniw the Sneak (level 3, -27/26 HPs)
             Began as an Oni Fire Elementalist on Mar 24, 2021.
             Annihilated by an ogre
             ... wielding a +0 giant spiked club
              (37 damage)
             ... in the Dungeon (Sprint I: "Red Sonja").
             The game lasted 00:07:31 (256 turns).

Dniw the Sneak (Oni Fire Elementalist)               Turns: 256, Time: 00:07:31

Health: -27/26     AC:  7    Str: 12    XL:     3   Next: 4%
Magic:  6/9        EV:  9    Int: 16    God:
Gold:   0          SH:  0    Dex: 11    Spells: 6/7 levels left

rFire    . . .     SeeInvis .   b - +1 dagger (chaos)
rCold    . . .     Gourm    .   (no shield)
rNeg     . . .     Faith    .   m - +1 scale mail {rPois}
rPois    +         Spirit   .   (helmet restricted)
rElec    .         Reflect  .   (no cloak)
rCorr    .         Harm     .   (no gloves)
MR       .....     NoTele   +   (no boots)
Stlth    +.........             (no amulet)
HPRegen  0.08/turn              (no ring)
MPRegen  0.11/turn              (no ring)

@: very slightly contaminated
A: oni magic, claws 1, fangs 1, horns 1
a: no special abilities


You were in the Dungeon.
You were not hungry.

You visited 1 branch

Inventory:

Hand Weapons
 b - a +1 dagger of chaos (weapon)
 k - a +0 hunting sling
Missiles
 c - 40 stones (quivered)
 l - 260 sling bullets
Armour
 a - a +0 animal skin
 m - a +1 scale mail of poison resistance (worn)
Scrolls
 j - a scroll of blinking
Potions
 d - a potion of curing
 f - a potion of heal wounds
 g - a potion of haste
 h - 2 potions of magic
 i - a potion of berserk rage
Comestibles
 e - a ration {!d}


   Skills:
 + Level 0.2 Fighting
 + Level 3.1 Dodging
 + Level 3.1 Stealth
 + Level 1.0 Unarmed Combat
 + Level 2.8 Spellcasting
   Level 2.8 Conjurations
   Level 2.8 Hexes
   Level 2.8 Charms
   Level 2.8 Summonings
   Level 2.8 Necromancy
   Level 2.8 Translocations
   Level 2.8 Transmutations
   Level 2.8 Fire Magic
   Level 2.8 Ice Magic
   Level 2.8 Air Magic
   Level 2.8 Earth Magic
   Level 2.8 Poison Magic


You had 6 spell levels left.
You knew the following spells:

 Your Spells              Type           Power        Failure   Level  Hunger
a - Flame Tongue          Conj/Fire      ##...        32%         1    None

Your spell library contained the following spells:

 Spells                   Type           Power        Failure   Level  Hunger
 Beastly Appendage        Tmut           ##....       26%         1    None
 Flaming Arrows           Chrm/Fire      ##......     43%         2    ##.....
 Conjure Flame            Conj/Fire      ##......     67%         3    ####...
 Inner Flame              Hex/Fire       N/A          67%         3    ####...
 Sticky Flame             Conj/Fire      ##......     97%         4    #####..
 Fireball                 Conj/Fire      ##........   100%        5    #######


Dungeon Overview and Level Annotations

Branches:
Dungeon (1/1)

Altars:


Innate Abilities, Weirdness & Mutations

You learn spells by gaining experience, not through books or religion.
You only train spellcasting to practice magic.
You have sharp fingernails.
You have very sharp teeth.
You have a pair of small horns on your head.


Message History

Press: ? - help, Shift-Dir - straight line, f/p - ogre
Aim: an ogre, wielding a +0 giant spiked club (moderately wounded)
You miscast Flame Tongue.
You are very lightly contaminated with residual magic.
Lukewarm flames ripple over your body. The ogre barely misses you.
Your scale mail prevents you from hitting the ogre.
The ogre is moderately wounded.
The ogre barely misses you.
You hit the ogre.
The ogre goes berserk!
The ogre is moderately wounded.
The ogre barely misses you.
Casting: Flame Tongue (safe; 32% risk of failure)
Confirm with . or Enter, or press ? or * to list all spells.
Aiming: Flame Tongue (safe; 32% risk of failure)
Press: ? - help, Shift-Dir - straight line, f/p - ogre
Aim: an ogre, wielding a +0 giant spiked club (moderately wounded, berserk, fast, unusually strong)
You miscast Flame Tongue.
Wisps of smoke drift from your claws.
The ogre hits you with a +0 giant spiked club!!!
Ouch! That really hurt!
You die...

##########
#<.#..@O.#
#..'..#..+
#..#####+#
#..# #..#
#..# #⌠⌠#
####


You could see an ogre (berserk).

Vanquished Creatures
  Ijyb (D)
1 creature vanquished.

Notes
Turn   | Place    | Note
-------+----------+-------------------------------------------
     0 | D        | Dniw the Oni Fire Elementalist began the quest for the Orb.
     0 | D        | Reached XP level 1. HP: 14/14 MP: 4/4
     2 | D        | Noticed Ijyb
    35 | D        | Killed Ijyb
    36 | D        | Reached skill level 1 in Unarmed Combat
    36 | D        | Reached XP level 2. HP: 15/20 MP: 3/7
    36 | D        | Reached XP level 3. HP: 20/26 MP: 3/9
   249 | D        | Noticed an ogre
   256 | D        | Annihilated by an ogre

Skill      XL: |  1 |
---------------+----+-----
Dodging        | 3 |  3.1
Stealth        | 3 |  3.1
Unarmed Combat | 1 |  1.0
Spellcasting   | 2 |  2.8
Fighting       | |  0.2
Conjurations   | |  2.8
Hexes          | |  2.8
Charms         | |  2.8
Summonings     | |  2.8
Necromancy     | |  2.8
Translocations | |  2.8
Transmutations | |  2.8
Fire Magic     | |  2.8
Ice Magic      | |  2.8
Air Magic      | |  2.8
Earth Magic    | |  2.8
Poison Magic   | |  2.8

Action                   || total
-------------------------++-------
Melee: Unarmed           ||    29
       Dagger            ||     3
 Cast: Flame Tongue      ||     3
Armor: Skin              ||     1
Dodge: Dodged            ||    12
